 Dungeon Crawl Stone Soup version 0.29-a0-757-g358383bc75 (webtiles) character file.

Game seed: 2238537409878206144

2 DuloT34 the Sneak (level 1, 0/11 HPs)
             Began as a Vine Stalker Delver on June 30, 2022.
             Slain by a ball python (1 damage)
             ... on level 5 of the Dungeon.
             The game lasted 00:00:17 (78 turns).

DuloT34 the Sneak (Vine Stalker Delver)               Turns: 78, Time: 00:00:18

Health: 0/11       AC:  3    Str: 14    XL:     1   Next: 40%
Magic:  0/2        EV:  8    Int: 10    God:
Gold:   0          SH:  0    Dex: 15    Spells: 0/0 levels left

rFire   . . .      SeeInvis .   a - +0 short sword
rCold   . . .      Faith    .   (no shield)
rNeg    . . .      Spirit   +   b - +0 leather armour
rPois   .          Reflect  .   (no helmet)
rElec   .          Harm     .   (no cloak)
rCorr   .          Rampage  .   (no gloves)
Will    .....                   (no boots)
Stlth   +++.......              (no amulet)
HPRegen 0.03/turn               (no ring)
MPRegen 0.08/turn               (no ring)

@: constricted
A: fangs 2, magic shield, antimagic bite, no potion heal 2
a: no special abilities


You were on level 5 of the Dungeon.
You visited 1 branch of the dungeon, and saw 1 of its levels.

Inventory:

Hand Weapons
 a - a +0 short sword (weapon)
Armour
 b - a +0 leather armour (worn)
Wands
 g - a wand of digging (3)
Scrolls
 c - a scroll of fog
 d - a scroll of magic mapping
 e - a scroll of fear
Potions
 f - a potion of haste
 h - a potion of brilliance {unknown}


   Skills:
 + Level 2.8 Fighting
 + Level 1.9 Short Blades
 - Level 1.5 Dodging
 - Level 6.0 Stealth


You couldn't memorise any spells.
You didn't know any spells.
Your spell library was empty.

Dungeon Overview and Level Annotations

Branches:
Dungeon (5/15)
 Temple: D:4-7

Altars:
The Shining One


Innate Abilities, Weirdness & Mutations

You have extremely sharp teeth.
When hurt, damage is shared between your health and your magic reserves.
Your bite disrupts and absorbs the magic of your enemies.
Potions cannot restore your health.


Message History

The howler monkey is lightly wounded.
The howler monkey hoots and howls with incredible vigour!
You hear a bark!
You hit the howler monkey. Your bite misses the howler monkey.
The howler monkey is moderately wounded.
The howler monkey completely misses you.
A ball python comes into view.
The howler monkey barely misses you.
You hit the howler monkey. You bite the howler monkey. You drain its power.
You feel invigorated.
The howler monkey is heavily wounded.
The howler monkey hoots and howls with incredible vigour!
You hit the howler monkey. Your bite misses the howler monkey.
The howler monkey is heavily wounded.
The howler monkey hits you. The ball python barely misses you.
The ball python misses you.
You closely miss the howler monkey.
The howler monkey is heavily wounded.
The howler monkey hits you. The ball python closely misses you.
The ball python barely misses you.
You hit the howler monkey.
The howler monkey is heavily wounded.
The howler monkey barely misses you. The ball python barely misses you.
The ball python closely misses you.
You hit the howler monkey. Your bite misses the howler monkey.
The howler monkey is severely wounded.
The howler monkey hits you but does no damage.
The ball python misses you. The ball python barely misses you.
The howler monkey hits you but does no damage.
You hit the howler monkey but do no damage.
The howler monkey is severely wounded.
The ball python barely misses you. The ball python grabs you.
The ball python constricts you.
The howler monkey hoots and howls with incredible vigour!
You hear an angry growl.
Unknown command.
You hit the howler monkey.
The howler monkey is severely wounded.
The ball python bites you.
You die...

#######...........
#...(.h...........
#.######..........
#.# #..........
#.# ##.........
#.# #.........
###.## #.........
#..h.# .........
###@## ........
#≈S♣ . #≈♣♣≈♣ . #≈
♣≈♣ # #♣ $≈♣ ♣#


You could see a howler monkey (catching breath) and a ball python.

Vanquished Creatures
  3 ball pythons (D:5)
3 creatures vanquished.

Vanquished Creatures (others)
  A plant (D:5)
1 creature vanquished.

Grand Total: 4 creatures vanquished

Notes
Turn   | Place    | Note
-------+----------+-------------------------------------------
     0 | D:5      | DuloT34 the Vine Stalker Delver began the quest for the
                  | Orb.
     0 | D:5      | Reached XP level 1. HP: 11/11 MP: 2/2
    34 | D:5      | Found a glowing golden altar of the Shining One.
    39 | D:5      | Noticed a howler monkey
    78 | D:5      | Slain by a ball python

Illustrated notes

Levels and vault maps discovered:
D:5:      layout_basic, tso_oasis_becter, saegor_snake_ambush,
          uniq_prince_ribbit1

Action                   || total
-------------------------++-------
Melee: Short sword       ||    17
       Bite              ||     2
Armor: Leather armour    ||     2
Dodge: Dodged            ||    17

Table legend: (Time is in decaauts)
 A = Elapsed time spent in this place.
 B = Non-inter-level travel time spent in this place.
 C = Inter-level travel time spent in this place.
 D = Time resting spent in this place.
 E = Time spent auto-exploring this place.
 F = Levels seen in this place.
 G = Mean time per level.
                   A        B        C        D        E       F      G
               +--------+--------+--------+--------+--------+-----+--------+
         Total |     78 |     78 |      0 |      0 |     27 |   1 |   78.0 |
       Dungeon |     78 |     78 |      0 |      0 |     27 |   1 |   78.0 |
               +--------+--------+--------+--------+--------+-----+--------+

Top non-repeatable levels by time:
     D:5: 78 daAuts
